 Dungeon Crawl Stone Soup version 0.16-a0-702-gf4f471d (webtiles) character file.

956 PolkaDot the Insei (level 7, -1/52 HPs)
             Began as a White Draconian Transmuter on Sept 20, 2014.
             Slain by an orc
             ... wielding a +0 short sword
              (3 damage)
             ... on Level 5 of the Dungeon.
             The game lasted 00:17:48 (6165 turns).

PolkaDot the Insei (White Draconian Transmuter)     Turns: 6165, Time: 00:17:49

HP  -1/52        AC  2     Str 12      XL: 7   Next: 91%
MP   9/12        EV 19     Int 14      God:
Gold 174         SH  0     Dex 18      Spells:  3 memorised,  2 levels left

rFire  . . .     SeeInvis .       - Unarmed
rCold  . . .     Clarity  .     (armour unavailable)
rNeg   . . .     rCorr    .     (shield currently unavailable)
rPois  x         rRot     .     (helmet currently unavailable)
rElec  .         Spirit   .     (cloak currently unavailable)
SustAb .         Warding  .     (gloves currently unavailable)
rMut   .         Stasis   .     k - melded +0 pair of boots
Gourm  .                        (no amulet)
MR     .....                    (no ring)
                                (no ring)

@: short of breath, spider-form (expiring), not resistant to hostile
enchantments, unstealthy
A: (breathe frost), unfitting armour, (cold resistance 0), (cold-blooded), AC +6
a: End Transformation


You were on level 5 of the Dungeon.
You were not hungry.
You were in spider-form.
You visited 1 branch of the dungeon, and saw 5 of its levels.
You also visited: Sewer.

You collected 174 gold pieces.

Inventory:

Missiles
 b - 12 arrows
Armour
 k - a +0 pair of boots (melded)
Comestibles
 a - 3 bread rations
 f - 6 fruits
 g - 2 chunks of worm flesh
 i - a slice of pizza
 s - 2 meat rations
 t - a rotting chunk of giant newt flesh
 u - a beef jerky
 w - 2 rotting chunks of quokka flesh
 x - a rotting chunk of worker ant flesh
Scrolls
 c - a scroll of magic mapping {unknown}
 e - a scroll of remove curse
 j - a scroll of fog {unknown}
 m - a scroll of fear
 n - a scroll of blinking
 r - a scroll of teleportation
 v - a scroll of enchant armour {unknown}
Potions
 h - a potion of brilliance
 l - 2 potions of heal wounds
 o - 2 potions of cure mutation {!q}
 q - 2 potions of curing
Books
 d - a book of Changes

   Spells                             Type                      Level
   *Beastly Appendage                 Transmutation                1
   Sticks to Snakes                   Transmutation                2
   *Spider Form                       Transmutation/Poison         3
   *Ice Form                          Ice/Transmutation            4
   Blade Hands                        Transmutation                5


   Skills:
 - Level 1.5 Fighting
 - Level 1.7 Dodging
 + Level 6.9 Unarmed Combat
 - Level 2.0 Spellcasting
 + Level 5.2 Transmutations
 * Level 4.8 Ice Magic


You had 2 spell levels left.
You knew the following spells:

 Your Spells              Type           Power        Failure   Level  Hunger
a - Beastly Appendage     Trmt           ###...       10%         1    ##.....
b - Ice Form              Ice/Trmt       ###.....     52%         4    #####..
z - Spider Form           Trmt/Pois      #.........   45%         3    ####...


Dungeon Overview and Level Annotations

Branches:
Dungeon (5/15)
 Temple: D:4-7

Altars:
Dithmenos
Nemelex Xobeh
Sif Muna
Trog


Innate Abilities, Weirdness & Mutations

((You can breathe waves of freezing cold.))
((You can buffet flying creatures when you breathe cold.))
((Your icy white scales are hard (AC +6).))
Your body does not fit into most forms of armour.
((Your flesh is cold resistant.))
((Your cold-blooded metabolism reacts poorly to cold.))


Message History

You hit the orc warrior but do no damage.
The orc warrior looks even sicker.
The orc warrior is lightly wounded.
The orc warrior hits you with a short sword.
* * * LOW HITPOINT WARNING * * *
You hit the orc warrior but do no damage.
The orc warrior looks even sicker.
The orc warrior is moderately wounded.
The orc hits you with a short sword!
* * * LOW HITPOINT WARNING * * *
You hit the orc warrior.
The orc warrior is heavily wounded.
Your transformation is almost over.
The orc warrior barely misses you. The orc closely misses you.
You barely miss the orc warrior.
The orc warrior is heavily wounded.
The orc warrior hits you with a short sword!!
* * * LOW HITPOINT WARNING * * *
The orc hits you with a short sword.
You die...

#..#............
######.#.#####.##..# .#
.........## ##.....#..#
..........###.........#.
..........##............
######...##.......###..
#.....(#..........
#....#..)....###.#
#.......so####
#.(......##o#
#.#...........
..###.#..##.###
#.#.###.# ..#o# ... ##.
... #. .# .


You could see an orc warrior and an orc.

Vanquished Creatures
  The ghost of PolkaDot the Skirmisher, an average DrTm of Qazlal (D:3)
  A centaur (D:5)
  4 big kobolds (Sewer)
  A crimson imp (D:4)
  2 worker ants (D:4)
  2 orc wizards
  An ogre skeleton (D:4)
  Terence (D:2)
  11 adders
  3 gnolls (D:2)
  2 green rats (Sewer)
  8 worms
  2 giant geckos
  5 oozes
  2 orcs (D:4)
  6 ball pythons
  6 bats
  6 giant cockroaches
  10 hobgoblins
  2 quokkas
  6 giant newts
  8 goblins
  7 jackals
  14 kobolds
  A kobold zombie (D:5)
  A quokka skeleton (D:4)
  18 rats
131 creatures vanquished.

Notes
Turn   | Place    | Note
--------------------------------------------------------------
     0 | D:1      | PolkaDot, the Draconian Transmuter, began the quest for the Orb.
     0 | D:1      | Reached XP level 1. HP: 16/16 MP: 3/3
   318 | D:1      | Reached XP level 2. HP: 15/23 MP: 2/4
  1127 | D:1      | Reached XP level 3. HP: 28/28 MP: 6/6
  1272 | D:1      | Learned a level 3 spell: Spider Form
  1306 | D:2      | Noticed Terence
  1322 | D:2      | Killed Terence
  1486 | D:2      | Reached skill level 4 in Unarmed Combat
  1538 | D:2      | Reached XP level 4. HP: 22/35 MP: 5/7
  2404 | D:2      | Reached XP level 5. HP: 24/40 MP: 9/9
  2918 | D:3      | Reached skill level 5 in Unarmed Combat
  2969 | D:3      | Found a glowing drain.
  3017 | Sewer    | Entered a sewer
  3428 | Sewer    | Reached XP level 6. HP: 47/47 MP: 8/10
  3625 | Sewer    | Reached skill level 6 in Unarmed Combat
  3674 | Sewer    | Learned a level 4 spell: Ice Form
  3737 | Sewer    | Reached skill level 1 in Ice Magic
  3873 | Sewer    | Your scales start taking on an icy white colour.
  3873 | Sewer    | Gained mutation: Your flesh is cold resistant. [draconian maturity]
  3873 | Sewer    | Reached XP level 7. HP: 17/52 MP: 10/12
  4461 | D:3      | Noticed PolkaDot's ghost (average DrTm)
  4474 | D:3      | Killed PolkaDot's ghost
  5354 | D:4      | Reached skill level 5 in Transmutations
  5682 | D:4      | Found a sparkling altar of Nemelex Xobeh.
  5836 | D:4      | Found a bloodstained altar of Trog.
  5926 | D:4      | Found a deep blue altar of Sif Muna.
  5926 | D:4      | Found a shadowy altar of Dithmenos.
  6105 | D:5      | Entered Level 5 of the Dungeon
  6165 | D:5      | HP: 2/52 [orc warrior/short sword (22)]
  6165 | D:5      | Slain by an orc

Action                   |  1- 3 |  4- 6 |  7- 9 || total
-------------------------+-------+-------+-------++-------
Melee: Unarmed           |   128 |   239 |   125 ||   492
 Cast: Beastly Appendage |    10 |    20 |     9 ||    39
       Spider Form       |     1 |     4 |     1 ||     6
       Ice Form          |       |       |     1 ||     1
 Abil: Breathe Frost     |       |       |     6 ||     6
  Use: Potion            |     2 |     3 |     2 ||     7
       Scroll            |       |     4 |     1 ||     5
 Stab: Sleeping          |       |       |     1 ||     1
  Eat: Chunk             |     2 |     9 |     8 ||    19
       Fruit             |       |       |     1 ||     1
